Map: [ESL] Post-Youth

Players

YoungYakov - Winner!

  • Race: Zerg Zerg
  • Spawn Location: 7:00

GunGFuBanDa

  • Race: Protoss Protoss
  • Spawn Location: 1:00

Event: ESL SC2 Masters 2024 Spring (Regional)

VOD

Have the link to the VOD?

Description

Time

  • Played on: April 11, 2024, 10:47 a.m.
  • Length: 7:49

All games in this series

Show
View Real Time Build Order
Export as new Build Order

YoungYakov Zerg - Winner!

Build Orders: Hatch First 

Get SALT Encoding   

  12  0:00  Drone  
  13  0:14  Overlord  
  13  0:18  Drone  
  14  0:32  Drone x2  
  16  0:50  Hatchery  
  16  0:53  Drone  
  16  0:57  Drone  
  16  1:00  Drone  
  18  1:10  Extractor  
  17  1:15  Spawning Pool  
  16  1:19  Drone  
  16  1:22  Drone  
  18  1:30  Drone  
  19  1:40  Drone  
  20  1:54  Overlord  
  20  2:02  Queen x2  
  20  2:05  Zergling x2  
  25  2:09  Drone  
  25  2:14  Metabolic Boost  
  26  2:18  Zergling x2  
  26  2:19  Drone  
  28  2:26  Drone  
  28  2:27  Drone  
  30  2:38  Hatchery  
  30  2:42  Zergling x2  
  30  2:47  Queen  
  30  2:51  Spore Crawler  
  31  2:55  Zergling x4  
  33  3:02  Overlord  
  33  3:03  Drone  
  33  3:04  Drone  
  35  3:11  Zergling x2, Overlord  
  36  3:20  Queen  
  36  3:22  Drone x4  
  42  3:30  Drone  
  43  3:36  Drone  
  43  3:37  Spore Crawler  
  43  3:40  Drone  
  44  3:45  Drone  
  44  3:46  Queen  
  44  3:47  Overlord  
  46  3:48  Drone x2  
  46  3:51  Drone x2  
  50  3:56  Queen  
  50  3:57  Drone  
  53  4:05  Drone  
  53  4:06  Drone x3  
  56  4:10  Overlord  
  56  4:15  Zergling x4  
  57  4:17  Zergling x2  
  57  4:21  Spore Crawler  
  57  4:22  Spore Crawler  
  57  4:23  Zergling x4  
  57  4:24  Drone x3  
  57  4:30  Drone, Extractor x2  
  59  4:33  Drone  
  59  4:36  Drone x6  
  66  4:42  Roach Warren  
  65  4:46  Evolution Chamber, Overlord  
  65  4:48  Drone  
  65  4:49  Drone x2  
  65  4:52  Lair  
  67  4:57  Overlord  
  67  4:58  Overlord  
  67  5:00  Overlord  
  69  5:09  Hatchery  
  69  5:12  Zerg Missile Weapons Level 1  
  63  5:18  Drone x2  
  63  5:19  Drone x3  
  63  5:21  Drone x2  
  67  5:23  Extractor  
  67  5:25  Overlord  
  66  5:29  Roach x3  
  66  5:31  Drone  
  73  5:36  Drone x4  
  73  5:40  Queen  
  79  5:45  Extractor  
  79  5:46  Drone x3  
  79  5:49  Roach x3  
  87  5:52  Glial Reconstitution  
  89  5:57  Roach x2  
  89  6:00  Pneumatized Carapace  
  89  6:01  Overlord  
  91  6:05  Roach x2  
  91  6:07  Overlord  
  91  6:10  Overlord  
  93  6:12  Roach  
  93  6:16  Roach x2  
  93  6:17  Ravager x2  
  101  6:19  Zergling x2  
  101  6:20  Zergling x4  
  101  6:23  Roach x2  
  108  6:26  Zergling x6  
  108  6:31  Roach  
  108  6:32  Roach x2  
  117  6:35  Zergling x4  
  117  6:36  Zergling x2  
  117  6:37  Overlord  
  117  6:39  Ravager x3  
  123  6:41  Overlord  
  123  6:43  Overlord  
  123  6:47  Roach x2  
  123  6:49  Overlord  
  123  6:52  Overlord  
  127  6:56  Roach x2  
  127  6:58  Roach  
  127  6:59  Roach  
  135  7:03  Roach x3  
  135  7:06  Ravager x2  
  135  7:07  Zergling x4  
  135  7:08  Zergling x2  
  146  7:12  Roach  
  146  7:13  Roach  
  150  7:16  Roach x2  
  150  7:23  Zergling x2  
  150  7:24  Zergling x6  
Show
View Real Time Build Order
Export as new Build Order

GunGFuBanDa Protoss 

Build Orders: 1 Gate Expand, Oracle Opening 

Get SALT Encoding   

  12  0:00  Probe  
  13  0:12  Probe  
  14  0:17  Pylon  
  14  0:24  Probe (Chrono Boost)  
  15  0:36  Probe (Chrono Boost), Gateway  
  16  0:44  Probe (Chrono Boost)  
  16  0:47  Assimilator  
  17  0:52  Probe  
  18  1:05  Probe  
  19  1:17  Probe  
  20  1:26  Nexus  
  20  1:36  Cybernetics Core  
  20  1:37  Probe  
  21  1:44  Pylon  
  21  1:49  Probe  
  21  1:52  Assimilator  
  22  2:01  Probe  
  23  2:10  Adept (Chrono Boost)  
  23  2:13  Probe  
  26  2:25  Probe  
  26  2:26  Stargate  
  27  2:30  Adept (Chrono Boost)  
  29  2:38  Probe x2  
  29  2:40  Warp Gate  
  31  2:50  Probe  
  32  3:01  Probe (Chrono Boost)  
  32  3:03  Probe (Chrono Boost)  
  34  3:07  Oracle (Chrono Boost)  
  37  3:13  Probe (Chrono Boost)  
  37  3:19  Probe (Chrono Boost)  
  38  3:20  Probe (Chrono Boost), Gateway  
  38  3:26  Probe  
  40  3:27  Probe  
  40  3:30  Pylon  
  41  3:36  Oracle (Chrono Boost)  
  41  3:38  Probe  
  45  3:48  Probe  
  46  3:50  Probe  
  46  3:55  Shield Battery, Nexus  
  47  4:00  Probe  
  47  4:03  Probe  
  48  4:16  Pylon  
  46  4:20  Pylon  
  46  4:28  Pylon, Assimilator  
  46  4:34  Oracle, Probe (Chrono Boost), Adept  
  46  4:38  Stalker, Probe (Chrono Boost)  
  53  4:44  Twilight Council  
  53  4:45  Probe (Chrono Boost)  
  56  4:47  Assimilator  
  56  4:49  Probe (Chrono Boost)  
  56  4:50  Probe (Chrono Boost)  
  58  4:53  Forge  
  59  5:00  Probe (Chrono Boost)  
  59  5:01  Probe (Chrono Boost)  
  59  5:02  Adept  
  63  5:11  Probe (Chrono Boost)  
  63  5:12  Probe (Chrono Boost)  
  65  5:14  Probe (Chrono Boost)  
  65  5:17  Probe (Chrono Boost)  
  65  5:19  Probe  
  65  5:21  Stalker  
  69  5:22  Probe  
  69  5:23  Blink  
  70  5:29  Probe  
  70  5:31  Protoss Ground Weapons Level 1 (Chrono Boost)  
  70  5:32  Probe (Chrono Boost)  
  72  5:37  Probe (Chrono Boost)  
  72  5:41  Stalker  
  76  5:43  Assimilator  
  76  5:44  Assimilator  
  76  5:46  Probe (Chrono Boost)  
  76  5:48  Pylon, Templar Archives  
  76  5:49  Probe (Chrono Boost)  
  78  5:50  Probe (Chrono Boost)  
  78  5:53  Pylon  
  78  5:55  Probe (Chrono Boost)  
  78  5:57  Pylon, Probe (Chrono Boost)  
  80  6:00  Gateway  
  80  6:02  Gateway  
  80  6:04  Probe, Gateway  
  80  6:06  Gateway  
  80  6:09  Stalker  
  83  6:12  Gateway  
  83  6:15  Stalker  
  85  6:19  Robotics Facility  
  85  6:20  Psionic Storm  
  85  6:35  Sentry  
  85  6:38  Shield Battery  
  85  6:39  Photon Cannon, Probe  
  88  6:41  Pylon  
  88  6:45  Probe x2  
  90  6:47  High Templar  
  90  6:52  Probe  
  90  6:53  Pylon  
  93  6:59  Gateway  
  93  7:00  High Templar x2  
  97  7:03  Gateway  
  97  7:09  Gateway  
  97  7:10  High Templar  
  97  7:12  Pylon  
  103  7:19  Photon Cannon, Shield Battery  
  103  7:28  Stalker x2  
  100  7:36  Stalker  
  93  7:41  Shield Battery  
  93  7:42  Pylon  
Tags
 
Add a new tag
Caveats
  • Supply blocks, unpowered buildings, or Contaminate may cause inaccurate times.
  • Supply counts are checked every 10 seconds.